General information
- name: grudge01
- type: Ladder 1vs1/FFA
- host: fineX.
- saver: greedoFthenoob
map: TwistedMeadows
- players: 4
- length: 09:25
- speed: Fast
- version: 1.21 W3XP
- replay type: Public
» download(37 KB)
Players
team 1 (winner)
greedoFthenoob (
pink | 80 APM | 757 actions | 09:25)
2 Archmage
1 Summon Water Elemental
1 Brilliance Aura
» actions
| Assign group hotkey | 23 | |
| Basic commands | 12 | |
| Build / train | 40 | |
| ESC pressed | 1 | |
| Enter build submenu | 24 | |
| Enter hero's abilities submenu | 2 | |
| Remove unit from queue | 1 | |
| Right click | 312 | |
| Select / deselect | 256 | |
| Select group hotkey | 49 | |
| Use ability | 37 | |
757 total
» units
| Peasant | 13 | |
| Footman | 5 | |
| Rifleman | 6 | |
24 total
» upgrades
» buildings
| Altar of Kings | 1 | |
| Barracks | 1 | |
| Farm | 6 | |
| Scout Tower | 12 | |
| Arcane Tower | 2 | |
| Blacksmith | 1 | |
| Lumber Mill | 1 | |
| Arcane Vault | 1 | |
| Guard Tower | 6 | |
31 total
» build order
00:07 Altar of Kings
00:18 Barracks
00:33 Farm
00:37 Farm
02:05 Scout Tower
02:09 Farm
02:32 Farm
02:34 Arcane Tower
03:34 Blacksmith
04:19 Farm
04:22 Lumber Mill
04:30 Arcane Vault
05:27 Farm
05:55 Scout Tower
06:14 Arcane Tower
06:15 Scout Tower
06:19 Scout Tower
06:25 Scout Tower
06:35 Guard Tower
06:37 Scout Tower
06:42 Scout Tower
07:10 Guard Tower
07:14 Scout Tower
07:49 Guard Tower
07:51 Scout Tower
08:01 Scout Tower
08:24 Guard Tower
08:33 Guard Tower
08:41 Scout Tower
09:14 Guard Tower
09:17 Scout Tower
» items
| Boots of Speed | 1 | |
| Dust of Appearance | 1 | |
| Scroll of Regeneration | 1 | |
3 total
team 2 (loser)

»
apy (
teal | 143 APM | 1347 actions | 09:24)
2 Blademaster
1 Wind Walk
1 Critical Strike
1 Shadow Hunter
1 Serpent Ward
» actions
| Assign group hotkey | 92 | |
| Basic commands | 36 | |
| Build / train | 41 | |
| Enter build submenu | 14 | |
| Enter hero's abilities submenu | 3 | |
| Right click | 674 | |
| Select / deselect | 245 | |
| Select group hotkey | 207 | |
| Use ability | 35 | |
1347 total
» units
| Peon | 8 | |
| Grunt | 7 | |
| Raider | 1 | |
| Demolisher | 1 | |
17 total
» upgrades
» buildings
| Altar of Storms | 1 | |
| Orc Burrow | 4 | |
| Barracks | 2 | |
| Stronghold | 8 | |
| Voodoo Lounge | 1 | |
| War Mill | 1 | |
| Beastiary | 1 | |
| Spirit Lodge | 1 | |
19 total
» build order
00:07 Altar of Storms
00:16 Orc Burrow
00:57 Barracks
01:02 Barracks
01:35 Orc Burrow
02:25 Stronghold
02:25 Stronghold
02:27 Stronghold
03:35 Voodoo Lounge
04:08 Orc Burrow
04:32 War Mill
05:00 Beastiary
05:25 Spirit Lodge
07:57 Orc Burrow
» items
| Healing Salve | 3 | |
| Lesser Clarity Potion | 1 | |
| Potion of Healing | 2 | |
6 total
refereesfineX.,
evil_PEngoON Chat log
(00:44 / All) greedoFthenoob: so tired
(00:46 / All) greedoFthenoob: eta
(00:47 / All) apy: wow
(00:48 / All) apy: excuses
(00:50 / All) apy: alreadu
(01:17 / All) apy: so much delay
(01:18 / All) apy: wtf
(01:28 / All) apy: peons idling for .05 .07 seconds
(01:29 / All) apy: not my style
(01:53 / All) greedoFthenoob: a reapeat of the last game
(01:59 / All) greedoFthenoob: will the turk remake rsjr's stupid mistakes
(02:01 / All) apy: ok crit first again
(03:26 / All) apy: fuck
(03:27 / All) apy: delay
(03:28 / All) apy: delay
(04:21 / All) apy: this is unplayable
(04:44 / All) apy: sdfsdfkfdsk
(05:41 / All) fineX.: ok get turk to host then or something idk!!
(05:54 / All) evil_PEngoON: i can host cause im pro
(06:03 / All) fineX.: tell evil_pengoon to host ok
(06:25 / All) evil_PEngoON: wanna post it in the replay thread but no one will have this shitty map
(08:27 / All) apy: this is
(08:36 / All) apy: wow
(08:37 / All) apy: fuck
(08:40 / All) apy: i told him to move
(08:42 / All) apy: 4 seconds ago